Map: Acid Plant LE

Players

liquidthermy (uThermal) - Winner!

  • Race: Terran Terran
  • League: Grandmaster
  • Spawn Location: 11:00

HellraiseR

  • Race: Protoss Protoss
  • League: Master
  • Spawn Location: 5:00

VOD

Have the link to the VOD?

Description

Time

  • Played on: July 26, 2018, 6:07 a.m.
  • Length: 12:59
Show
View Real Time Build Order
Export as new Build Order

liquidthermy Terran - Winner!

Build Orders: Reaper Expand, MMM Bio 

Get SALT Encoding   

  12  0:01  SCV  
  13  0:13  SCV  
  14  0:17  Supply Depot  
  14  0:25  SCV  
  15  0:39  SCV  
  15  0:41  Barracks  
  16  0:44  Refinery  
  16  0:51  SCV  
  17  1:03  SCV  
  18  1:15  SCV  
  19  1:28  Orbital Command, Reaper  
  20  1:40  Command Center  
  20  1:50  Supply Depot  
  21  1:54  SCV  
  21  2:00  Marine  
  22  2:06  SCV  
  23  2:09  Factory  
  23  2:18  SCV  
  23  2:20  Barracks  
  24  2:23  Barracks Reactor  
  24  2:28  Refinery  
  24  2:30  SCV  
  25  2:42  SCV  
  26  2:53  Orbital Command, Widow Mine  
  26  2:54  SCV  
  29  2:59  Marine x2  
  31  3:06  SCV  
  31  3:07  Barracks Tech Lab  
  32  3:14  Widow Mine  
  32  3:17  Marine x2  
  32  3:18  SCV x2  
  38  3:26  Marine, Stimpack  
  39  3:30  SCV, Supply Depot  
  39  3:32  SCV  
  41  3:35  Marine x2  
  43  3:42  SCV  
  43  3:44  SCV, Marine  
  43  3:45  Starport  
  43  3:46  Factory Reactor  
  46  3:49  Supply Depot  
  46  3:53  Marine x2  
  46  3:54  SCV  
  49  3:59  SCV  
  49  4:02  Marine  
  51  4:03  Bunker  
  51  4:06  SCV  
  52  4:10  Engineering Bay  
  52  4:13  SCV, Refinery  
  52  4:14  Marine  
  52  4:16  Marine  
  55  4:18  SCV  
  55  4:20  Marauder  
  58  4:28  Medivac x2  
  58  4:31  SCV x2  
  64  4:34  Supply Depot  
  64  4:41  Marine x2  
  64  4:42  Marauder  
  68  4:46  Barracks  
  68  4:47  Factory Tech Lab  
  68  4:48  SCV  
  68  4:51  SCV  
  68  4:56  Terran Infantry Weapons Level 1  
  68  4:57  Supply Depot  
  68  4:59  Marine  
  69  5:04  Marauder, Marine  
  69  5:06  SCV x2  
  74  5:10  Supply Depot  
  74  5:17  Medivac, Factory Reactor  
  74  5:18  SCV x2  
  78  5:22  Medivac  
  78  5:27  Refinery  
  80  5:29  Combat Shields  
  80  5:30  Marine  
  80  5:31  Marine x2  
  79  5:47  Medivac  
  66  5:59  Widow Mine  
  66  6:00  Widow Mine  
  66  6:03  Marine  
  71  6:04  Marauder  
  69  6:13  Marine  
  69  6:14  Marauder  
  69  6:16  Liberator  
  72  6:20  Widow Mine  
  72  6:21  Marine, Widow Mine  
  72  6:22  Concussive Shells  
  72  6:25  Missile Turret  
  75  6:27  Command Center  
  75  6:31  Marauder, Marine  
  78  6:37  Marauder  
  78  6:39  Marine  
  84  6:42  Widow Mine x2  
  84  6:46  Barracks  
  88  6:49  Marine, Barracks  
  88  6:50  Terran Infantry Armor Level 1  
  88  6:51  SCV x2, Supply Depot  
  88  6:52  Marauder, Supply Depot  
  93  6:56  Liberator  
  93  6:58  Supply Depot  
  93  6:59  Liberator  
  93  7:06  Marine  
  94  7:13  SCV x2, Marine, Marauder  
  94  7:14  Marauder  
  104  7:18  Supply Depot  
  107  7:23  Missile Turret  
  107  7:25  Widow Mine  
  107  7:27  Widow Mine  
  107  7:28  Missile Turret  
  107  7:29  SCV, Marine  
  112  7:33  SCV  
  112  7:36  Barracks Tech Lab  
  112  7:37  Marine, Barracks Tech Lab  
  114  7:42  Orbital Command  
  114  7:43  Liberator  
  114  7:44  SCV  
  116  7:45  SCV  
  116  7:49  Marine x2, Missile Turret  
  116  7:51  Liberator  
  119  7:56  SCV  
  120  8:00  Widow Mine x2  
  120  8:01  SCV  
  128  8:09  SCV  
  128  8:10  SCV  
  133  8:13  Marine x2  
  133  8:14  Marauder x2  
  133  8:17  Supply Depot  
  139  8:23  Marine  
  139  8:25  Marine, Engineering Bay, Armory  
  141  8:38  Marine x4, Widow Mine  
  141  8:40  Liberator x2  
  149  8:41  Marauder  
  149  8:54  Marauder  
  148  8:56  Marine  
  148  8:58  Widow Mine  
  148  9:00  Marine  
  148  9:01  Marauder x2  
  148  9:02  Marine  
  131  9:13  Marine  
  131  9:16  Marauder  
  121  9:18  Marine  
  121  9:20  Marauder  
  121  9:22  Marauder, Marine  
  124  9:25  Terran Infantry Weapons Level 2  
  124  9:30  SCV x3  
  124  9:31  Marine, Refinery  
  123  9:32  Liberator  
  123  9:35  Liberator  
  123  9:36  Marine  
  123  9:37  Marauder  
  126  9:40  Marauder  
  126  9:41  Marine  
  126  9:42  SCV x3  
  126  9:44  Marauder  
  134  9:49  Marine  
  132  9:54  SCV  
  132  9:58  Marine  
  132  9:59  Marauder  
  137  10:00  Marauder, Supply Depot  
  137  10:01  Marauder, Supply Depot  
  137  10:05  Marine  
  139  10:07  Marine  
  127  10:15  Liberator  
  127  10:16  Marine  
  127  10:20  Marauder  
  123  10:21  Marauder, Widow Mine, Liberator  
  123  10:22  Marine, Widow Mine  
  123  10:23  Marauder  
  123  10:25  Marine  
  123  10:26  Refinery  
  124  10:34  Marine  
  122  10:40  Marine  
  122  10:41  Marauder  
  127  10:42  Marauder, Marine  
  127  10:44  Marine  
  129  10:51  Marine  
  130  10:57  Command Center  
  130  10:58  Marauder, Liberator  
  130  11:00  Marine  
  130  11:02  Marauder  
  130  11:03  Marauder, Marine  
  138  11:05  Widow Mine x2  
  138  11:08  Liberator  
  138  11:09  Marine  
  146  11:18  Marine  
  146  11:20  Marauder  
  146  11:22  Marauder  
  146  11:23  Marine, Supply Depot x2  
  155  11:28  Marine x2  
  155  11:32  Supply Depot  
  157  11:33  SCV  
  157  11:34  SCV  
  157  11:36  Marine  
  160  11:41  Marine x2  
  160  11:42  Marine  
  160  11:46  Marauder  
  163  11:53  Marine  
  164  11:56  Marine  
  164  11:58  Medivac  
  164  11:59  Marauder x2  
  164  12:00  Marine  
  172  12:02  SCV x2  
  172  12:04  SCV  
  172  12:07  Marine  
  172  12:08  Medivac  
  178  12:11  Marine  
  178  12:12  Planetary Fortress  
  178  12:14  Marine  
  179  12:19  Marauder  
  179  12:20  Marauder, Marine  
  184  12:25  Marine  
  185  12:34  Marine  
Show
View Real Time Build Order
Export as new Build Order

HellraiseR Protoss 

Build Orders: 1 Gate Expand, Oracle Opening 

Get SALT Encoding   

  12  0:00  Probe  
  13  0:12  Probe  
  14  0:17  Pylon  
  14  0:22  Probe  
  15  0:31  Probe  
  16  0:36  Gateway  
  16  0:39  Probe  
  16  0:45  Assimilator  
  17  0:51  Probe  
  18  1:03  Probe  
  19  1:18  Nexus  
  19  1:21  Probe  
  20  1:32  Cybernetics Core  
  20  1:35  Probe  
  20  1:39  Assimilator  
  21  1:47  Probe  
  21  1:49  Pylon  
  22  1:58  Probe  
  22  1:59  Adept  
  23  2:06  Probe  
  23  2:14  Probe  
  26  2:19  Stargate  
  27  2:25  Adept, Probe  
  30  2:31  Probe  
  31  2:37  Probe  
  31  2:38  Warp Gate  
  31  2:39  Probe  
  33  2:48  Probe  
  33  2:50  Probe  
  35  2:53  Oracle  
  35  3:00  Shield Battery  
  35  3:01  Probe  
  35  3:02  Probe  
  40  3:10  Pylon  
  40  3:13  Probe  
  40  3:14  Probe  
  42  3:20  Oracle  
  42  3:25  Probe  
  42  3:26  Probe  
  47  3:37  Probe  
  47  3:38  Gateway x2, Probe  
  49  3:48  Pylon  
  49  3:49  Probe  
  49  3:50  Probe, Oracle  
  49  3:53  Assimilator  
  48  3:58  Assimilator  
  48  4:01  Probe  
  52  4:03  Probe  
  52  4:06  Pylon  
  53  4:13  Probe, Forge  
  53  4:16  Twilight Council  
  54  4:17  Probe  
  55  4:25  Probe  
  55  4:28  Phoenix  
  55  4:29  Pylon, Probe  
  59  4:34  Protoss Ground Weapons Level 1  
  59  4:37  Probe  
  60  4:45  Stalker, Blink  
  60  4:46  Stalker x2  
  66  4:59  Nexus  
  66  5:18  Gateway x2  
  66  5:20  Gateway  
  66  5:22  Sentry  
  66  5:23  Sentry  
  66  5:24  Probe x2  
  72  5:29  Stalker  
  74  5:39  Probe  
  74  5:40  Probe  
  65  5:51  Probe  
  65  5:52  Probe  
  65  5:55  Stalker  
  65  6:03  Probe  
  66  6:04  Probe  
  66  6:05  Stalker x2  
  67  6:15  Protoss Ground Armor Level 1, Probe, Oracle  
  67  6:16  Charge, Probe  
  72  6:20  Probe  
  72  6:21  Stalker  
  72  6:22  Stalker x3  
  81  6:28  Probe x2  
  81  6:30  Pylon  
  83  6:34  Sentry, Zealot  
  83  6:39  Pylon  
  87  6:44  Gateway x2  
  86  6:50  Shield Battery  
  86  6:53  Stalker  
  88  6:55  Shield Battery  
  88  6:57  Stalker  
  88  6:58  Stalker  
  92  7:02  Stalker  
  92  7:03  Zealot  
  92  7:07  Stalker  
  98  7:08  Probe  
  98  7:10  Probe  
  101  7:17  Assimilator, Pylon  
  101  7:20  Robotics Facility  
  100  7:22  Assimilator  
  100  7:31  Probe x2  
  100  7:33  Pylon  
  102  7:41  Sentry, Zealot x5  
  102  7:43  Sentry  
  116  7:49  Pylon x2  
  113  7:52  Protoss Ground Weapons Level 2  
  113  8:04  Immortal  
  113  8:06  Forge  
  113  8:11  Stalker x3  
  123  8:20  Zealot x4  
  123  8:21  Zealot  
  133  8:30  Pylon  
  133  8:38  Observer  
  133  8:47  Protoss Ground Armor Level 2  
  134  8:49  Pylon  
  134  8:50  Pylon  
  134  8:52  Pylon  
  132  8:56  Robotics Bay  
  132  9:00  Zealot x8  
  112  9:15  Immortal  
  94  9:21  Zealot x2  
  94  9:22  Zealot x6  
  104  9:42  Stalker x4  
  104  9:43  Sentry x3, Stalker  
  115  9:47  Disruptor  
  104  10:06  Zealot x7  
  104  10:07  Zealot  
  120  10:12  Disruptor  
  88  10:28  Stalker x6  
  97  10:31  Stalker  
  103  10:39  Disruptor  
  99  10:45  Nexus  
  102  10:51  Probe  
  102  10:52  Probe  
  102  10:55  Templar Archives  
  104  11:00  Probe  
  104  11:01  Sentry  
  104  11:02  Sentry  
  104  11:03  Sentry  
  111  11:04  Probe  
  111  11:05  Probe  
  111  11:08  Disruptor  
  113  11:12  Probe  
  117  11:23  Probe  
  117  11:25  Zealot x4  
  124  11:29  Photon Cannon  
  126  11:45  High Templar x2  
  126  11:46  High Templar x2, Zealot  
  126  11:47  Zealot x3  
  138  11:49  Archon x2  
  138  11:51  Pylon  
  138  11:52  Colossus  
  138  11:53  Photon Cannon  
  147  12:17  Stalker x3  
  147  12:19  Pylon  
  151  12:30  Zealot  
  151  12:31  Zealot x4  
  127  12:44  Stalker  
  127  12:45  Stalker x2  
  112  12:58  Stalker x5  
Tags
 
Add a new tag
Caveats
  • Supply blocks, unpowered buildings, or Contaminate may cause inaccurate times.
  • Supply counts are checked every 10 seconds.